 Dungeon Crawl Stone Soup version 0.19.1-1-g22dce08 (webtiles) character file.

135 empire the Firebug (level 4, 0/33 HPs)
             Began as a Demigod Fire Elementalist on Jan 13, 2017.
             Slain by a jackal (2 damage)
             ... on level 4 of the Dungeon.
             The game lasted 00:07:10 (2256 turns).

empire the Firebug (Demigod Fire Elementalist)      Turns: 2256, Time: 00:07:12

Health: 0/33       AC:  6    Str: 11    XL:     4   Next: 66%
Magic:  0/11       EV: 12    Int: 21    God:
Gold:   231        SH:  0    Dex: 16    Spells: 2 memorised, 4 levels left

rFire  . . .     SeeInvis .     a - +0 short sword
rCold  . . .     Gourm    .     q - +1 robe
rNeg   + . .     Faith    .     (no shield)
rPois  .         Spirit   .     (no helmet)
rElec  .         Reflect  .     Z - +2 cloak
rCorr  .         Harm     .     (no gloves)
MR     .....                    (no boots)
Stlth  ++........               (no amulet)
                                Y - ring of wizardry
                                X - ring of positive energy

@: no status effects
A: high mp 1
a: no special abilities


You were on level 4 of the Dungeon.
You were not hungry.

You visited 2 branches of the dungeon, and saw 5 of its levels.

You collected 231 gold pieces.

Inventory:

Hand Weapons
 a - a +0 short sword (weapon)
Armour
 q - a +1 robe (worn)
 Z - a +2 cloak (worn)
Magical Staves
 t - an uncursed staff of fire {unknown}
Jewellery
 X - a ring of positive energy (left hand)
 Y - a ring of wizardry (right hand)
Wands
 r - a wand of polymorph (13/24)
Scrolls
 d - 2 scrolls of identify
 k - a scroll of blinking {unknown}
 o - a scroll of remove curse
 s - a scroll of random uselessness {unknown}
Potions
 e - a potion of lignification {unknown}
 h - a potion of flight
 j - 2 potions of might {unknown}
 l - a potion of cancellation {unknown}
 p - a potion of resistance {unknown}
 u - a potion of heal wounds {unknown}
Books
 b - a book of Flames

   Spells                             Type                      Level
   a - Flame Tongue                   Conjuration/Fire             1
   b - Throw Flame                    Conjuration/Fire             2
   c - Conjure Flame                  Conjuration/Fire             3
   d - Inner Flame                    Hexes/Fire                   3
   e - Sticky Flame                   Conjuration/Fire             4
   f - Fireball                       Conjuration/Fire             5
Comestibles
 c - 4 bread rations
 f - a beef jerky
 g - 2 chunks of flesh
 i - a meat ration
 m - 4 fruits
 n - a slice of pizza


   Skills:
 - Level 1.7 Dodging
 - Level 1.7 Stealth
 + Level 3.2 Spellcasting
 + Level 2.4 Conjurations
 + Level 3.4 Fire Magic


You had 4 spell levels left.
You knew the following spells:

 Your Spells              Type           Power        Failure   Level  Hunger
a - Flame Tongue          Conj/Fire      ###..        1%          1    None
b - Sticky Flame          Conj/Fire      ###.....     17%         4    ####...


Dungeon Overview and Level Annotations

Branches:
Dungeon (4/15)             Temple (1/1) D:4

Annotations:
D:3 Sigmund; Squonk's ghost, amateur SpTm


Innate Abilities, Weirdness & Mutations

You have an increased reservoir of magic. (+10% MP)


Message History

The jackal bites you.
You hit the jackal.
You kill the jackal!
The jackal bites you but does no damage.
The jackal barely misses you. The phantom hits you!
* * * LOW HITPOINT WARNING * * *
The phantom blinks!
Casting: Flame Tongue
Confirm with . or Enter, or press ? or * to list all spells.
Aiming: Flame Tongue
Press: ? - help, Shift-Dir - straight line, f/p - phantom
Aim: a phantom (heavily damaged)
The flame tongue misses the phantom.
The jackal barely misses you.
You hit the jackal but do no damage.
The jackal is moderately wounded.
The jackal bites you but does no damage.
The phantom hits you.
* * * LOW HITPOINT WARNING * * *
The jackal bites you.
You die...

########### #....##...#
#....##...#
###########....##...#
....#.....#....##h..###..
....>...........@W.†.......
...............###..#..#.##
.........................#
...............###....##...
...........)#### #....?. ..
............# #.#..... .
...........## ..#.....
....#....<## #......
.##########


You could see a phantom and a jackal.

Vanquished Creatures
  An iguana (D:3)
  A hound skeleton (D:4)
  3 adders (D:2)
  2 worms (D:2)
  2 dart slugs
  A leopard gecko (D:2)
  4 giant cockroaches
  6 goblins
  5 hobgoblins
  11 jackals
  4 kobolds
  7 bats
  5 frilled lizards
  6 rats
58 creatures vanquished.

Notes
Turn   | Place    | Note
-------+----------+-------------------------------------------
     0 | D:1      | empire the Demigod Fire Elementalist began the quest for the Orb.
     0 | D:1      | Reached XP level 1. HP: 14/14 MP: 5/5
    52 | D:1      | Reached skill level 1 in Conjurations
   398 | D:1      | Reached XP level 2. HP: 20/20 MP: 4/7
   701 | D:2      | Found a hazy altar of Hepliaklqana.
   895 | D:2      | Reached XP level 3. HP: 24/26 MP: 3/9
   978 | D:2      | Found a blossoming altar of Fedhas.
  1761 | D:2      | Reached XP level 4. HP: 33/33 MP: 8/11
  1814 | D:2      | Learned a level 4 spell: Sticky Flame
  1879 | D:3      | Noticed Squonk's ghost (amateur SpTm)
  2080 | D:3      | Noticed Sigmund
  2086 | D:4      | Found a staircase to the Ecumenical Temple.
  2140 | Temple   | Entered the Ecumenical Temple
  2237 | D:4      | Noticed a phantom
  2256 | D:4      | Slain by a jackal

Skill      XL: |  1  2  3  4 |
---------------+-------------+-----
Conjurations   | 1 2 |  2.4
Spellcasting   | 2 3 |  3.2
Fire Magic     | 3 |  3.4
Dodging        | |  1.7
Stealth        | |  1.7

Action                   |  1- 3 |  4- 6 || total
-------------------------+-------+-------++-------
Melee: Unarmed           |     4 |       ||     4
       Short sword       |       |    13 ||    13
 Cast: Flame Tongue      |    74 |    23 ||    97
  Use: Scroll            |     5 |       ||     5
       Potion            |     1 |       ||     1
 Stab: Sleeping          |       |     2 ||     2
  Eat: Chunk             |     3 |     1 ||     4
Armor: Robe              |    10 |    21 ||    31
Dodge: Dodged            |    20 |    34 ||    54
